[Event "Live Chess"]
[Site "Chess.com"]
[Date "2021.02.10"]
[Round "1"]
[White "adichi"]
[Black "nmbrown2"]
[Result "0-1"]
[CurrentPosition "8/8/8/1p6/1P6/2P3pk/8/4q2K w - -"]
[Timezone "UTC"]
[ECO "A45"]
[ECOUrl "https://www.chess.com/openings/Indian-Game"]
[UTCDate "2021.02.10"]
[UTCTime "02:31:36"]
[WhiteElo "1404"]
[BlackElo "1457"]
[TimeControl "2100+2"]
[Termination "nmbrown2 won by checkmate"]
[StartTime "02:31:36"]
[EndDate "2021.02.10"]
[EndTime "03:40:30"]
[Link "https://www.chess.com/live/game/6507737432"]

1. d4 Nf6 2. Bf4 g6 3. e3 d5 4. Nc3 a6 5. Nf3 Bg7 6. Be2 O-O 7. h4 Bg4 8. Ne5 Bxe2 9. Qxe2 Nbd7 10. O-O-O Rc8 11. g4 c5 12. h5 cxd4 13. exd4 e6 14. f3 Ne8 15. hxg6 fxg6 16. Qh2 Nef6 17. Ne2 Re8 18. Ng3 Nf8 19. Bh6 Bxh6+ 20. Qxh6 Qc7 21. Rd2 Qg7 22. Qxg7+ Kxg7 23. g5 N6d7 24. f4 Nxe5 25. dxe5 Nd7 26. Rdh2 Nf8 27. c3 Rc4 28. Rh4 Rd8 29. Ne2 b5 30. a3 d4 31. f5 exf5 32. Nxd4 Re8 33. e6 Re7 34. Re1 Kg8 35. Rh2 Rc8 36. Rhe2 Rce8 37. b3 Rc8 38. Kb2 Kg7 39. b4 h5 40. Re5 Rce8 41. R1e2 Nh7 42. Rg2 Nf8 43. Rge2 h4 44. Kb3 h3 45. Rh2 Nxe6 46. Nxe6+ Rxe6 47. Rxe6 Rxe6 48. Rxh3 f4 49. Rf3 Re4 50. a4 Kf7 51. axb5 axb5 52. Kc2 Ke6 53. Kd3 Kf5 54. Rh3 Rc4 55. Rf3 Kxg5 56. Ke2 Kf5 57. Rh3 g5 58. Kf2 Kg4 59. Rf3 Kh4 60. Rd3 g4 61. Kg2 f3+ 62. Kf2 Re4 63. Rd2 Rc4 64. Rd3 Kh3 65. Kg1 Re4 66. Rd1 g3 67. Kh1 f2 68. Rf1 Re1 69. Rxe1 fxe1=Q# 0-1

[Event "Live Chess"]
[Site "Chess.com"]
[Date "2021.02.10"]
[Round "1"]
[White "dum2020arEEEWS"]
[Black "Daniel_Perlov"]
[Result "0-1"]
[CurrentPosition "8/8/4p3/4Pp2/6qK/8/5k2/8 w - -"]
[Timezone "UTC"]
[ECO "B23"]
[ECOUrl "https://www.chess.com/openings/Sicilian-Defense-Closed-Traditional-Line-3.Bb5"]
[UTCDate "2021.02.10"]
[UTCTime "02:31:24"]
[WhiteElo "1428"]
[BlackElo "1850"]
[TimeControl "2100+2"]
[Termination "Daniel_Perlov won by checkmate"]
[StartTime "02:31:24"]
[EndDate "2021.02.10"]
[EndTime "02:59:59"]
[Link "https://www.chess.com/live/game/6507738124"]

1. e4 c5 2. Nc3 Nc6 3. Bb5 g6 4. Bxc6 bxc6 5. d3 Bg7 6. Be3 d6 7. Qd2 Nf6 8. Bh6 O-O 9. Bxg7 Kxg7 10. Nf3 Bg4 11. Qe3 Qb6 12. Rb1 Nd7 13. O-O Bxf3 14. Qxf3 Ne5 15. Qe3 Rfd8 16. f4 Ng4 17. Qe2 c4+ 18. Kh1 cxd3 19. cxd3 Ne3 20. Rfe1 d5 21. Qxe3 d4 22. Qg3 dxc3 23. bxc3 Qa6 24. Qe3 Qxd3 25. Qxd3 Rxd3 26. c4 Rad8 27. g3 Rd2 28. Ra1 Rc2 29. Rec1 Rdd2 30. a3 Rxh2+ 31. Kg1 Rcg2+ 32. Kf1 Rxg3 33. Rd1 Rh1+ 34. Kf2 Rxd1 35. Rxd1 Rxa3 36. Rd7 e6 37. Rc7 a5 38. Rxc6 a4 39. Ra6 Ra1 40. Ke2 a3 41. Kd2 a2 42. Kc2 Rh1 43. Rxa2 Rh2+ 44. Kb3 Rxa2 45. Kxa2 Kf8 46. Kb3 Ke7 47. Kc3 h5 48. Kd3 Kd6 49. Kd4 f6 50. c5+ Kc6 51. e5 f5 52. Ke3 Kxc5 53. Kf3 Kc4 54. Ke2 Kd4 55. Kf3 Kd3 56. Kf2 Ke4 57. Kg3 Ke3 58. Kh4 Kxf4 59. Kh3 g5 60. Kh2 Kf3 61. Kh1 Kf2 62. Kh2 g4 63. Kh1 Kf3 64. Kh2 g3+ 65. Kh1 g2+ 66. Kg1 h4 67. Kh2 Kf2 68. Kh3 g1=Q 69. Kxh4 Qg4# 0-1

[Event "Live Chess"]
[Site "Chess.com"]
[Date "2021.02.10"]
[Round "1"]
[White "jah23"]
[Black "dribbler23"]
[Result "1-0"]
[CurrentPosition "r1b4R/p1b2pPk/6rB/3N3Q/8/P6n/2q3P1/1R5K b - -"]
[Timezone "UTC"]
[ECO "D31"]
[ECOUrl "https://www.chess.com/openings/Queens-Gambit-Declined-Semi-Slav-Defense-Accelerated-Move-Order"]
[UTCDate "2021.02.10"]
[UTCTime "02:31:50"]
[WhiteElo "1459"]
[BlackElo "1525"]
[TimeControl "2100+2"]
[Termination "jah23 won by checkmate"]
[StartTime "02:31:50"]
[EndDate "2021.02.10"]
[EndTime "03:16:18"]
[Link "https://www.chess.com/live/game/6507738407"]

1. d4 d5 2. c4 c6 3. Nc3 e6 4. Nf3 Bb4 5. Bd2 Nf6 6. a3 Ba5 7. b4 Bc7 8. c5 O-O 9. e3 b6 10. Bd3 bxc5 11. bxc5 Bb7 12. Rb1 Bc8 13. O-O h6 14. h3 Nbd7 15. Re1 e5 16. e4 exd4 17. Nxd4 Nxc5 18. Nxc6 Qd6 19. e5 Qxc6 20. exf6 Nxd3 21. fxg7 Rd8 22. Qh5 Rd6 23. Re7 Rg6 24. Bxh6 Nxf2 25. Nxd5 Nxh3+ 26. Kh1 Qc2 27. Re8+ Kh7 28. Rh8# 1-0

[Event "Live Chess"]
[Site "Chess.com"]
[Date "2021.02.10"]
[Round "1"]
[White "vincitore51745"]
[Black "echecsmike"]
[Result "1/2-1/2"]
[CurrentPosition "8/4k3/8/4K3/8/8/8/8 b - -"]
[Timezone "UTC"]
[ECO "A20"]
[ECOUrl "https://www.chess.com/openings/English-Opening-Kings-English-Variation-2.g3"]
[UTCDate "2021.02.10"]
[UTCTime "02:42:21"]
[WhiteElo "1083"]
[BlackElo "1301"]
[TimeControl "2100+2"]
[Termination "Game drawn by insufficient material"]
[StartTime "02:42:21"]
[EndDate "2021.02.10"]
[EndTime "03:36:16"]
[Link "https://www.chess.com/live/game/6507801915"]

1. c4 e5 2. g3 Bc5 3. Bg2 Nf6 4. Nc3 Nc6 5. Nf3 O-O 6. O-O d6 7. e3 d5 8. d4 exd4 9. exd4 Be7 10. c5 Bg4 11. Qc2 b6 12. Ng5 Nxd4 13. Qd3 bxc5 14. Nxd5 g6 15. Nxe7+ Qxe7 16. Bxa8 Be2 17. Qe3 Qxe3 18. Bxe3 Bxf1 19. Kxf1 Rxa8 20. Bxd4 cxd4 21. Rd1 c5 22. b3 Re8 23. Nf3 Ne4 24. Re1 f5 25. Ng5 h6 26. f3 hxg5 27. fxe4 fxe4 28. g4 a5 29. Ke2 Kf7 30. Rc1 Re5 31. a4 Ke7 32. Rh1 Kd6 33. h4 d3+ 34. Ke3 gxh4 35. Rxh4 g5 36. Rh6+ Kd5 37. Ra6 d2 38. Kxd2 Kd4 39. Rd6+ Rd5 40. Rxd5+ Kxd5 41. Ke3 c4 42. bxc4+ Kxc4 43. Kxe4 Kb4 44. Kf5 Kxa4 45. Kxg5 Kb3 46. Kf4 a4 47. g5 a3 48. g6 a2 49. g7 a1=Q 50. g8=Q+ Kb4 51. Qf8+ Kc4 52. Qf7+ Kc5 53. Qe7+ Kc6 54. Qe4+ Kd7 55. Qf5+ Kc6 56. Qe4+ Kc5 57. Qe3+ Kd5 58. Qe4+ Kd6 59. Qd3+ Ke6 60. Qf5+ Kd6 61. Qg6+ Kd5 62. Qe4+ Kd6 63. Qd3+ Kc5 64. Qf5+ Kd6 65. Qg6+ Ke7 66. Qe4+ Kf6 67. Qf5+ Ke7 68. Qe5+ Qxe5+ 69. Kxe5 1/2-1/2

[Event "Live Chess"]
[Site "Chess.com"]
[Date "2021.02.10"]
[Round "1"]
[White "swimgrass"]
[Black "ComfyQueso"]
[Result "1-0"]
[CurrentPosition "1k2R3/ppp2prB/1r6/3p4/3P4/P1P5/2P2PPP/R5K1 b - -"]
[Timezone "UTC"]
[ECO "C01"]
[ECOUrl "https://www.chess.com/openings/French-Defense-Exchange-Variation-3...exd5-4.Nf3"]
[UTCDate "2021.02.10"]
[UTCTime "02:31:55"]
[WhiteElo "1441"]
[BlackElo "1036"]
[TimeControl "2100+2"]
[Termination "swimgrass won by checkmate"]
[StartTime "02:31:55"]
[EndDate "2021.02.10"]
[EndTime "02:46:48"]
[Link "https://www.chess.com/live/game/6507739165"]

1. e4 e6 2. d4 d5 3. exd5 exd5 4. Nf3 Nc6 5. Bb5 Bd7 6. Nc3 Nf6 7. Bg5 Bg4 8. O-O Bb4 9. Re1+ Be6 10. Ne5 Qd6 11. Bxf6 gxf6 12. Ng4 O-O-O 13. Nxf6 Qf4 14. Bxc6 Qxf6 15. Bb5 Rhg8 16. a3 Bxc3 17. bxc3 Bh3 18. Bf1 Qg6 19. Qf3 Rd6 20. Qxh3+ Kb8 21. Qe3 Re6 22. Qd3 Qxd3 23. Bxd3 Rc6 24. Bxh7 Rg7 25. Re3 Rb6 26. Re8# 1-0

[Event "Live Chess"]
[Site "Chess.com"]
[Date "2021.02.10"]
[Round "1"]
[White "Phantom_Beast23"]
[Black "sfdeals"]
[Result "0-1"]
[CurrentPosition "r4rk1/ppp2Np1/2np3p/4p3/2B1P1b1/2NPbR2/PPP1KqP1/R2Q4 w - -"]
[Timezone "UTC"]
[ECO "C50"]
[ECOUrl "https://www.chess.com/openings/Giuoco-Piano-Game-Four-Knights-Game"]
[UTCDate "2021.02.10"]
[UTCTime "02:31:57"]
[WhiteElo "1107"]
[BlackElo "1633"]
[TimeControl "2100+2"]
[Termination "sfdeals won by checkmate"]
[StartTime "02:31:57"]
[EndDate "2021.02.10"]
[EndTime "02:56:39"]
[Link "https://www.chess.com/live/game/6507739326"]

1. e4 e5 2. Nf3 Nc6 3. Bc4 Bc5 4. Nc3 Nf6 5. Ng5 O-O 6. d3 h6 7. h4 d6 8. Bd2 Ng4 9. Be3 Nxe3 10. fxe3 Bxe3 11. Nxf7 Qf6 12. Rf1 Qxh4+ 13. Ke2 Bg4+ 14. Rf3 Qf2# 0-1

[Event "Live Chess"]
[Site "Chess.com"]
[Date "2021.02.10"]
[Round "1"]
[White "pjkrizzle"]
[Black "austin809"]
[Result "0-1"]
[CurrentPosition "4q3/8/8/8/8/3K4/5k2/8 w - -"]
[Timezone "UTC"]
[ECO "A48"]
[ECOUrl "https://www.chess.com/openings/Indian-Game-East-Indian-London-System"]
[UTCDate "2021.02.10"]
[UTCTime "02:31:38"]
[WhiteElo "1538"]
[BlackElo "1639"]
[TimeControl "2100+2"]
[Termination "austin809 won by resignation"]
[StartTime "02:31:38"]
[EndDate "2021.02.10"]
[EndTime "03:43:58"]
[Link "https://www.chess.com/live/game/6507739561"]

1. d4 Nf6 2. Nf3 g6 3. Bf4 d6 4. e3 Bg7 5. Be2 O-O 6. O-O Nh5 7. Bg5 h6 8. Bh4 Bf5 9. c3 Nd7 10. Nbd2 Ndf6 11. Ne1 g5 12. Bxg5 hxg5 13. Bxh5 Nxh5 14. Qxh5 e5 15. d5 Bg6 16. Qe2 f5 17. e4 f4 18. a4 Kf7 19. Qg4 Qe7 20. b4 Rh8 21. g3 Bh5 22. Qf5+ Bf6 23. Nef3 Kg7 24. gxf4 gxf4 25. Kh1 Bg6 26. Rg1 Rh6 27. Rg4 Kh7 28. Qe6 Qxe6 29. dxe6 Re8 30. Rag1 Rxe6 31. Ng5+ Bxg5 32. Rxg5 Rh3 33. f3 Rf6 34. Kg2 Rh5 35. Rg4 Be8 36. Kh1 Rg6 37. a5 Rxg4 38. fxg4 Rh3 39. Rc1 Bd7 40. g5 Kg6 41. c4 Bg4 42. Kg2 Kxg5 43. c5 Rd3 44. Nf1 Bh3+ 45. Kf2 Bxf1 46. Rxf1 Rb3 47. Rg1+ Kf6 48. h4 Rh3 49. Rg4 dxc5 50. bxc5 b6 51. Kg2 Rg3+ 52. Rxg3 fxg3 53. axb6 axb6 54. cxb6 cxb6 55. h5 Kg5 56. h6 Kxh6 57. Kxg3 b5 58. Kf3 b4 59. Ke3 Kg5 60. Kd3 b3 61. Kc3 Kf4 62. Kxb3 Kxe4 63. Kc2 Kf3 64. Kd1 Kf2 65. Kd2 e4 66. Kd1 e3 67. Kc1 e2 68. Kd2 e1=Q+ 69. Kd3 Qe8 0-1

[Event "Live Chess"]
[Site "Chess.com"]
[Date "2021.02.10"]
[Round "1"]
[White "worsepot"]
[Black "victor6688"]
[Result "0-1"]
[CurrentPosition "8/8/8/8/8/3pK3/2k5/8 w - -"]
[Timezone "UTC"]
[ECO "A45"]
[ECOUrl "https://www.chess.com/openings/Indian-Game"]
[UTCDate "2021.02.10"]
[UTCTime "02:31:45"]
[WhiteElo "1022"]
[BlackElo "1469"]
[TimeControl "2100+2"]
[Termination "victor6688 won by resignation"]
[StartTime "02:31:45"]
[EndDate "2021.02.10"]
[EndTime "03:15:57"]
[Link "https://www.chess.com/live/game/6507739741"]

1. d4 Nf6 2. Bf4 g6 3. Nf3 Bg7 4. e3 d5 5. Nbd2 O-O 6. Bd3 Nc6 7. c3 Bd7 8. Qe2 Re8 9. O-O-O a5 10. h3 a4 11. a3 Na5 12. Ne5 Nb3+ 13. Kb1 Nxd2+ 14. Qxd2 Nh5 15. Bg5 Be6 16. Ng4 Qd7 17. Be2 Bf5+ 18. Ka1 h6 19. Bxh6 Nf6 20. Bxg7 Kxg7 21. Rdg1 Nxg4 22. hxg4 Bxg4 23. Rh4 Bxe2 24. Qxe2 Rh8 25. Rxh8 Rxh8 26. f4 Rh4 27. g3 Rh8 28. g4 c6 29. Ka2 Rh3 30. Rg2 Qe6 31. g5 Qxe3 32. Qxe3 Rxe3 33. Rc2 Rf3 34. b4 axb3+ 35. Kxb3 Rxf4 36. Re2 e6 37. Re5 Rf5 38. Re3 Rxg5 39. a4 Rf5 40. Kb4 g5 41. Kc5 g4 42. Rg3 b5 43. a5 Rh5 44. Kxc6 Rh8 45. Rxg4+ Kf6 46. Rf4+ Kg6 47. Kxb5 f5 48. a6 Kg5 49. Rf1 f4 50. Kb6 Kg4 51. a7 f3 52. Rg1+ Kf4 53. Kb7 Ke3 54. a8=Q Rxa8 55. Kxa8 f2 56. Rg3+ Kf4 57. Rg8 Ke3 58. Rg3+ Ke2 59. Rg2 Kf3 60. Rg8 Ke2 61. Rf8 f1=Q 62. Rxf1 Kxf1 63. Kb7 Ke2 64. Kc6 Kd3 65. Kc5 Kxc3 66. Kd6 Kxd4 67. Kxe6 Kc4 68. Ke5 d4 69. Ke4 Kc3 70. Kf3 d3 71. Ke3 Kc2 0-1

[Event "Live Chess"]
[Site "Chess.com"]
[Date "2021.02.10"]
[Round "1"]
[White "SebbyMeister"]
[Black "rtindru"]
[Result "1-0"]
[CurrentPosition "8/7R/8/2p1kp1p/2B5/8/5PKP/8 b - -"]
[Timezone "UTC"]
[ECO "C54"]
[ECOUrl "https://www.chess.com/openings/Giuoco-Piano-Game-Center-Attack-Mason-Gambit"]
[UTCDate "2021.02.10"]
[UTCTime "02:32:00"]
[WhiteElo "1754"]
[BlackElo "1554"]
[TimeControl "2100+2"]
[Termination "SebbyMeister won by resignation"]
[StartTime "02:32:00"]
[EndDate "2021.02.10"]
[EndTime "02:56:24"]
[Link "https://www.chess.com/live/game/6507739887"]

1. e4 e5 2. Nf3 Nc6 3. Bc4 Bc5 4. c3 Nf6 5. d4 exd4 6. O-O O-O 7. cxd4 Bb4 8. a3 Be7 9. e5 Ne8 10. d5 Na5 11. Ba2 d6 12. b4 dxe5 13. bxa5 Nd6 14. Nxe5 Bf6 15. Bb2 b6 16. Nc6 Qd7 17. Bxf6 gxf6 18. Re1 Re8 19. Nc3 Bb7 20. Qf3 Kg7 21. Ne4 Nxe4 22. Rxe4 Rxe4 23. Qxe4 Re8 24. Qb4 Bxc6 25. dxc6 Qxc6 26. Qg4+ Kh8 27. Qf3 Qxf3 28. gxf3 Kg7 29. Rc1 c5 30. axb6 axb6 31. Bc4 Ra8 32. Rb1 Rxa3 33. Rxb6 Rxf3 34. Rb7 h6 35. Bxf7 Rc3 36. Rc7 f5 37. Kg2 Kf6 38. Bd5 Ke5 39. Bg8 h5 40. Rh7 Rc4 41. Bxc4 1-0